Match 30916064
Unlisted

Match 30916064
End
Construct Barracks
Riflemen Squad
Selects Airborne Battlegroup
Selects Heavy Machine Gun Paradrop
Heavy Machine Gun Paradrop
Heavy Machine Gun Paradrop
M1 Mortar Team
Selects Paratrooper Squad Paradrop
Paratrooper Squad Paradrop
Construct Medical Station
Paratrooper Squad Paradrop
Infantry Support Center
Construct Motor Pool
Selects Anti-tank Gun Team Paradrop
Anti-tank Gun Team Paradrop
Selects Recon Loiter
M8 Greyhound Armored Car
Selects Supply Drop
Survival Training
Advanced Logistics
Paratrooper Squad Paradrop
Selects Carpet Bombing Run
Demolitions Package
Construct Tank Depot
M18 Hellcat Tank Destroyer
Supply Drop
Carpet Bombing Run
Construct Weapon Support Center
M4(105) Sherman Bulldozer
Recon Loiter
M3 Armored Personnel Carrier
Engineer Squad
Engineer Squad
Munitions Surplus
Supply Drop
Recon Loiter
M1919 Machine Gun Team
Recon Loiter
Carpet Bombing Run
Nukepapa
stunta
lawsondj
mæjus
0
0

Comments sign in to comment!

No comments posted yet!